 Dungeon Crawl Stone Soup version 0.24.0-1-gfbc8707 (webtiles) character file.

Game seed: 9328291319187176179, levelgen mode: deterministic

812 Buxparty the Covered (level 7, 0/53 HPs)
             Began as a Gnoll Wanderer on Jan 8, 2020.
             Slain by a phantom (1 damage)
             ... on level 4 of the Dungeon.
             The game lasted 00:10:36 (3321 turns).

Buxparty the Covered (Gnoll Wanderer)               Turns: 3321, Time: 00:10:36

Health: 0/53       AC: 10    Str: 16    XL:     7   Next: 93%
Magic:  0/15       EV: 12    Int: 13    God:
Gold:   121        SH:  2    Dex: 16    Spells: 17/17 levels left

rFire    x . .     SeeInvis .   b - +2 whip (venom)
rCold    + . .     Gourm    .   (no shield)
rNeg     . . .     Faith    .   u - +3 ring mail
rPois    .         Spirit   +   (no helmet)
rElec    .         Reflect  +   h - scarf {Spirit}
rCorr    .         Harm     .   q - +0 pair of gloves (curse)
MR       .....                  (no boots)
Stlth    ++........             n - +2 amulet of reflection
HPRegen  0.17/turn              l - ring of ice
MPRegen  0.14/turn              (no ring)

@: lethally poisoned (0 -> -2)
A: distributed training, fangs 1, strong nose
a: no special abilities


You were on level 4 of the Dungeon.
You were not hungry.

You visited 1 branch of the dungeon, and saw 4 of its levels.

You collected 121 gold pieces.

Inventory:

Hand Weapons
 a - a +0 hand crossbow
 b - a +2 whip of venom (weapon)
Missiles
 c - 13 bolts
 j - 75 arrows
 v - 42 sling bullets
 B - 27 poisoned darts (quivered)
Armour
 h - a scarf of spirit shield (worn)
 p - a +2 scale mail
 q - a cursed +0 pair of gloves (worn)
 u - a +3 ring mail (worn)
Jewellery
 l - a ring of ice (left hand)
 n - a +2 amulet of reflection (around neck)
Wands
 x - a wand of paralysis (10)
Scrolls
 e - 2 scrolls of enchant armour
 g - a scroll of amnesia
 k - a scroll of magic mapping
 m - 7 scrolls of identify
 s - a scroll of blinking {unknown}
 y - 2 scrolls of remove curse {unknown}
Potions
 d - 3 potions of curing {unknown}
 i - a potion of cancellation {unknown}
 o - a potion of lignification {unknown}
 t - a potion of haste {unknown}
 w - a potion of brilliance {unknown}
 z - a potion of berserk rage
 A - a potion of ambrosia {unknown}
Comestibles
 f - 10 rations


   Skills:
 + Level 3.8 Fighting
 + Level 2.7 Short Blades
 + Level 2.7 Long Blades
 + Level 3.8 Axes
 + Level 2.7 Maces & Flails
 + Level 2.7 Polearms
 + Level 2.7 Staves
 + Level 2.7 Slings
 + Level 2.7 Bows
 + Level 2.7 Crossbows
 + Level 3.8 Throwing
 + Level 7.1 Armour
 + Level 2.7 Dodging
 + Level 2.7 Stealth
 + Level 3.8 Shields
 + Level 2.7 Unarmed Combat
 + Level 5.7 Spellcasting
 + Level 2.2 Conjurations
 + Level 2.2 Hexes
 + Level 2.2 Charms
 + Level 2.2 Summonings
 + Level 2.2 Necromancy
 + Level 2.2 Translocations
 + Level 3.1 Transmutations
 + Level 2.2 Fire Magic
 + Level 2.2 Ice Magic
 + Level 2.2 Air Magic
 + Level 2.2 Earth Magic
 + Level 2.2 Poison Magic
 + Level 3.0 Invocations
 + Level 2.7 Evocations


You had 17 spell levels left.
You didn't know any spells.
Your spell library contained the following spells:

 Spells                   Type           Power        Failure   Level  Hunger
 Beastly Appendage        Tmut           ##....       9%          1    None
 Sticks to Snakes         Tmut           ##......     12%         2    ##.....
 Spider Form              Tmut/Pois      ##........   30%         3    ###....
 Ignite Poison            Fire/Tmut/Pois ##......     32%         3    ###....
 Ice Form                 Ice/Tmut       ###.....     69%         4    ####...
 Blade Hands              Tmut           ##........   92%         5    ######.


Dungeon Overview and Level Annotations

Branches:
Dungeon (4/15)
 Temple: D:4-7

Altars:
Ashenzari

Annotations:
D:4 4 runed translucent doors


Innate Abilities, Weirdness & Mutations

Your experience applies equally to all skills.
You have very sharp teeth.
Your uncanny sense of smell can sniff out nearby items.


Message History

The phantom is heavily damaged.
The phantom hits you.
* * * LOW HITPOINT WARNING * * *
The phantom blinks!
You feel sick.
You hit the phantom but do no damage. Your bite misses the phantom.
The phantom is heavily damaged.
The phantom barely misses you.
You closely miss the phantom. Your bite misses the phantom.
The phantom is heavily damaged.
You feel sick. The phantom misses you.
You whack the phantom!
The phantom is severely damaged.
The phantom hits you!
* * * LOW HITPOINT WARNING * * *
You barely miss the phantom. Your bite misses the phantom.
The phantom is severely damaged.
* * * LOW HITPOINT WARNING * * *
You feel sick. The phantom hits you.
You die...

..........+......+........#######
..........+.....h+........#
..........#8....8#........#
..........##8[$8##...$....#
.....#.....######.....#####
.......###'# #'###.....#
......##...######.#.##....#
......#.#.##[##:##.#.#....#
####..#.##.#.##.@###.#...## *
#..#.#.##.####W.#.#.#'## *
##.#.###..##)##.#.#....# *
#.##....####....##....# *
#..######..######.....# *
##..................###
####################


You could see a phantom.

Vanquished Creatures
  A water moccasin (D:4)
  A sky beast (D:3)
  A phantom (D:4)
  A howler monkey (D:4)
  A crimson imp (D:4)
  A jelly (D:4)
  A gnoll shaman (D:4)
  2 orc priests (D:3)
  Jessica (D:2)
  2 iguanas (D:4)
  2 worker ants (D:4)
  Natasha (twice) (D:2)
  Robin (D:2)
  3 gnolls (D:4)
  2 adders
  An adder skeleton (D:4)
  2 worms
  2 dart slugs
  6 leopard geckos
  8 orcs (D:3)
  4 giant cockroaches
  15 goblins
  4 hobgoblins
  3 jackals (D:3)
  A quokka (D:4)
  7 bats
  6 frilled lizards
  12 kobolds
  5 rats
98 creatures vanquished.

Vanquished Creatures (others)
  A plant (D:1)
1 creature vanquished.

Grand Total: 99 creatures vanquished

Notes
Turn   | Place    | Note
-------+----------+-------------------------------------------
     0 | D:1      | Buxparty the Gnoll Wanderer began the quest for the Orb.
     0 | D:1      | Buxparty set off with the following items: a +0 hand
                  | crossbow, a +2 scale mail, 22 bolts, a ration; and the
                  | following spell memorised: Beastly Appendage; and the
                  | following spells available to memorise: Ignite Poison
     0 | D:1      | Reached XP level 1. HP: 17/17 MP: 6/6
   247 | D:1      | Reached XP level 2. HP: 23/23 MP: 4/7
   690 | D:1      | Reached XP level 3. HP: 28/28 MP: 9/9
   817 | D:1      | Reached skill level 5 in Spellcasting
   889 | D:2      | Noticed Jessica
   899 | D:2      | HP: 1/28 [Jessica/nerve-wracking pain (7)]
   900 | D:2      | Killed Jessica
   900 | D:2      | Reached skill level 1 in Short Blades
   900 | D:2      | Reached skill level 1 in Long Blades
   900 | D:2      | Reached skill level 1 in Maces & Flails
   900 | D:2      | Reached skill level 1 in Polearms
   900 | D:2      | Reached skill level 1 in Staves
   900 | D:2      | Reached skill level 1 in Slings
   900 | D:2      | Reached skill level 1 in Bows
   900 | D:2      | Reached skill level 1 in Crossbows
   900 | D:2      | Reached skill level 1 in Dodging
   900 | D:2      | Reached skill level 1 in Stealth
   900 | D:2      | Reached skill level 1 in Unarmed Combat
   900 | D:2      | Reached skill level 1 in Invocations
   900 | D:2      | Reached skill level 1 in Evocations
  1252 | D:2      | Reached XP level 4. HP: 34/34 MP: 11/11
  1318 | D:2      | Noticed Robin
  1332 | D:2      | Killed Robin
  1605 | D:2      | Noticed Natasha
  1616 | D:2      | Killed Natasha
  1616 | D:2      | Reached skill level 1 in Conjurations
  1616 | D:2      | Reached skill level 1 in Hexes
  1616 | D:2      | Reached skill level 1 in Charms
  1616 | D:2      | Reached skill level 1 in Summonings
  1616 | D:2      | Reached skill level 1 in Necromancy
  1616 | D:2      | Reached skill level 1 in Translocations
  1616 | D:2      | Reached skill level 1 in Fire Magic
  1616 | D:2      | Reached skill level 1 in Ice Magic
  1616 | D:2      | Reached skill level 1 in Air Magic
  1616 | D:2      | Reached skill level 1 in Earth Magic
  1616 | D:2      | Reached skill level 1 in Poison Magic
  1616 | D:2      | Reached XP level 5. HP: 31/40 MP: 9/12
  1842 | D:2      | Noticed Natasha
  1853 | D:2      | Killed Natasha
  2043 | D:3      | Noticed a sky beast
  2088 | D:3      | Killed a sky beast
  2088 | D:3      | Reached XP level 6. HP: 35/47 MP: 8/13
  2403 | D:3      | Found a shattered altar of Ashenzari.
  2715 | D:4      | Noticed a phantom
  2750 | D:4      | Killed a phantom
  2750 | D:4      | Reached XP level 7. HP: 33/52 MP: 11/15
  2910 | D:4      | Reached skill level 7 in Armour
  3093 | D:4      | Found a large runed translucent door.
  3093 | D:4      | Found a large runed translucent door.
  3106 | D:4      | Found a large runed translucent door.
  3106 | D:4      | Found a large runed translucent door.
  3320 | D:4      | HP: 2/53 [phantom (3)]
  3321 | D:4      | Slain by a phantom

Levels and vault maps discovered:
D:1:      dpeg_arrival_ternary, layout_basic, lexackson_kobold_supper
D:2:      layout_rooms, first_ration, minivault_23, uniq_jessica, uniq_natasha,
          uniq_robin
D:3:      layout_basic, evilmike_ruin_ashenzari
D:4:      layout_gridville, minmay_hollow_rounded_squares

Skill      XL: |  1  2  3  4  5  6  7 |
---------------+----------------------+-----
Transmutations | 2 3 |  3.1
Spellcasting   | 5 |  5.7
Short Blades   | 1 2 |  2.7
Long Blades    | 1 2 |  2.7
Maces & Flails | 1 2 |  2.7
Polearms       | 1 2 |  2.7
Staves         | 1 2 |  2.7
Slings         | 1 2 |  2.7
Bows           | 1 2 |  2.7
Crossbows      | 1 2 |  2.7
Dodging        | 1 2 |  2.7
Stealth        | 1 2 |  2.7
Unarmed Combat | 1 2 |  2.7
Invocations    | 1 2 3 |  3.0
Evocations     | 1 2 |  2.7
Conjurations   | 1 2 |  2.2
Hexes          | 1 2 |  2.2
Charms         | 1 2 |  2.2
Summonings     | 1 2 |  2.2
Necromancy     | 1 2 |  2.2
Translocations | 1 2 |  2.2
Fire Magic     | 1 2 |  2.2
Ice Magic      | 1 2 |  2.2
Air Magic      | 1 2 |  2.2
Earth Magic    | 1 2 |  2.2
Poison Magic   | 1 2 |  2.2
Fighting       | 3 |  3.8
Axes           | 3 |  3.8
Throwing       | 3 |  3.8
Shields        | 3 |  3.8
Armour         | 7 |  7.1

Action                   |  1- 3 |  4- 6 |  7- 9 || total
-------------------------+-------+-------+-------++-------
Melee: Whip              |    12 |   194 |    92 ||   298
       Bite              |       |    19 |    16 ||    35
       Punch             |       |     2 |     1 ||     3
 Fire: Hand crossbow     |    53 |    16 |       ||    69
  Use: Scroll            |       |     4 |       ||     4
  Eat: Ration            |     1 |     1 |       ||     2
       Chunk             |       |     1 |       ||     1
Armor: Scale mail        |    15 |    50 |       ||    65
       Ring mail         |       |    30 |    27 ||    57
Dodge: Dodged            |    17 |    95 |    53 ||   165
Block: Other             |       |     5 |     6 ||    11
